Map: [ESL] Cosmic Sapphire

Players

Harstem

  • Race: Protoss Protoss
  • Spawn Location: 5:00

milkicow - Winner!

  • Race: Terran Terran
  • Spawn Location: 11:00

Event: DreamHack SC2 Masters 2022 Atlanta (Online)

VOD

Have the link to the VOD?

Description

Time

  • Played on: Oct. 7, 2022, 12:13 p.m.
  • Length: 20:41

All games in this series

Show
View Real Time Build Order
Export as new Build Order

Harstem Protoss 

Build Orders: 1 Gate Expand, Phoenix Opening 

Get SALT Encoding   

  12  0:00  Probe  
  13  0:12  Probe  
  14  0:19  Pylon  
  14  0:24  Probe  
  15  0:37  Probe (Chrono Boost)  
  15  0:38  Gateway  
  16  0:48  Probe (Chrono Boost)  
  17  0:50  Assimilator  
  17  0:53  Probe (Chrono Boost)  
  18  1:03  Probe  
  19  1:15  Probe  
  20  1:25  Cybernetics Core  
  20  1:35  Nexus  
  20  1:41  Pylon  
  20  1:43  Probe  
  21  1:50  Assimilator  
  21  1:55  Probe  
  21  1:58  Adept (Chrono Boost)  
  24  2:07  Probe  
  25  2:19  Probe  
  25  2:20  Stargate  
  26  2:23  Adept  
  28  2:32  Probe  
  29  2:43  Warp Gate  
  30  2:47  Probe (Chrono Boost)  
  30  2:49  Probe (Chrono Boost)  
  31  2:53  Adept  
  35  2:58  Probe (Chrono Boost)  
  35  3:00  Probe (Chrono Boost)  
  35  3:03  Probe (Chrono Boost)  
  35  3:04  Phoenix (Chrono Boost)  
  36  3:08  Probe  
  38  3:14  Pylon  
  38  3:15  Probe  
  39  3:20  Probe  
  39  3:27  Phoenix  
  39  3:28  Probe  
  39  3:32  Probe  
  43  3:40  Probe (Chrono Boost)  
  44  3:44  Robotics Facility  
  45  3:50  Probe (Chrono Boost)  
  45  3:51  Probe (Chrono Boost)  
  45  3:52  Phoenix  
  48  3:56  Probe (Chrono Boost)  
  48  3:57  Probe (Chrono Boost)  
  50  4:04  Pylon  
  50  4:06  Probe  
  50  4:08  Probe  
  52  4:18  Nexus, Probe  
  52  4:20  Probe  
  52  4:22  Phoenix  
  56  4:25  Pylon  
  56  4:29  Assimilator  
  56  4:30  Probe  
  57  4:34  Immortal (Chrono Boost), Probe  
  62  4:43  Probe  
  63  4:47  Probe  
  63  4:48  Shield Battery  
  64  4:55  Probe  
  64  4:59  Probe, Stalker  
  61  5:07  Probe (Chrono Boost)  
  61  5:08  Assimilator  
  61  5:11  Probe (Chrono Boost)  
  63  5:19  Probe (Chrono Boost)  
  63  5:20  Phoenix, Observer  
  68  5:22  Probe (Chrono Boost)  
  68  5:24  Probe (Chrono Boost)  
  68  5:28  Pylon x2  
  69  5:31  Probe  
  69  5:32  Probe  
  69  5:34  Probe  
  69  5:35  Zealot  
  74  5:41  Robotics Bay  
  74  5:43  Probe  
  74  5:44  Probe  
  75  5:50  Probe  
  75  5:55  Probe  
  75  5:57  Probe (Chrono Boost)  
  78  6:01  Stalker  
  78  6:02  Probe (Chrono Boost)  
  79  6:07  Probe (Chrono Boost)  
  79  6:08  Phoenix  
  79  6:09  Probe (Chrono Boost), Gateway  
  79  6:11  Forge  
  83  6:14  Probe (Chrono Boost)  
  83  6:16  Probe (Chrono Boost)  
  83  6:17  Probe (Chrono Boost)  
  86  6:19  Probe (Chrono Boost)  
  86  6:21  Probe (Chrono Boost)  
  86  6:25  Observer, Probe  
  88  6:30  Probe  
  88  6:31  Colossus (Chrono Boost)  
  96  6:38  Extended Thermal Lance (Chrono Boost)  
  96  6:39  Probe  
  97  6:41  Observer, Pylon  
  97  6:42  Phoenix, Assimilator  
  99  6:48  Assimilator  
  99  6:50  Probe  
  100  6:58  Probe  
  100  7:00  Gateway, Pylon  
  101  7:01  Gateway  
  101  7:03  Gateway  
  101  7:04  Pylon  
  101  7:07  Shield Battery, Phoenix, Zealot  
  105  7:14  Protoss Ground Weapons Level 1 (Chrono Boost)  
  106  7:16  Colossus (Chrono Boost)  
  106  7:19  Pylon  
  111  7:23  Zealot  
  111  7:27  Observer  
  113  7:33  Zealot, Pylon  
  113  7:34  Twilight Council  
  113  7:35  Phoenix  
  118  7:42  Pylon  
  117  7:46  Sentry  
  117  7:47  Gateway  
  117  7:50  Gateway  
  118  7:54  Colossus (Chrono Boost)  
  124  8:02  Zealot x4  
  124  8:03  Probe  
  124  8:04  Pylon  
  133  8:09  Charge (Chrono Boost)  
  131  8:12  Sentry  
  131  8:18  Pylon  
  130  8:27  Zealot x4  
  130  8:33  Nexus  
  131  8:35  Pylon  
  131  8:37  Zealot  
  131  8:41  Probe  
  125  8:44  Probe  
  125  8:45  Zealot  
  125  8:47  Zealot x3  
  133  8:48  Probe  
  130  8:58  Pylon  
  130  9:00  Pylon  
  129  9:04  Probe (Chrono Boost), Pylon  
  129  9:09  Probe (Chrono Boost)  
  130  9:14  Templar Archives, Probe (Chrono Boost)  
  130  9:16  Probe (Chrono Boost)  
  133  9:17  Forge  
  133  9:18  Probe (Chrono Boost)  
  133  9:20  Photon Cannon  
  133  9:24  Zealot x4  
  133  9:25  Probe  
  133  9:28  Protoss Ground Armor Level 1 (Chrono Boost)  
  142  9:31  Probe  
  142  9:33  Disruptor (Chrono Boost), Photon Cannon  
  146  9:39  Blink (Chrono Boost)  
  146  9:49  Probe  
  146  9:51  High Templar x2  
  146  9:52  Shield Battery, High Templar x2  
  151  9:53  High Templar x2  
  151  9:56  Archon  
  151  9:57  Archon  
  151  9:58  Archon  
  151  10:02  Photon Cannon  
  151  10:10  Disruptor (Chrono Boost)  
  148  10:21  Zealot  
  148  10:22  Probe, Protoss Ground Weapons Level 2 (Chrono Boost), Pylon  
  148  10:23  Probe  
  148  10:24  Pylon  
  148  10:27  Zealot x6  
  164  10:36  Disruptor (Chrono Boost)  
  164  10:38  Probe  
  164  10:41  Robotics Facility  
  164  10:42  Zealot, Pylon  
  170  10:48  Pylon  
  168  10:50  Probe  
  168  10:52  Gateway, Stalker x3  
  168  10:53  Zealot  
  177  11:01  Photon Cannon  
  177  11:03  Photon Cannon  
  177  11:08  Disruptor (Chrono Boost)  
  177  11:09  Stalker x3  
  186  11:25  Zealot x4  
  192  11:29  Disruptor (Chrono Boost)  
  188  11:43  Disruptor (Chrono Boost), Protoss Ground Armor Level 2 (Chrono Boost), Probe  
  188  11:44  Dark Shrine  
  192  11:47  Zealot x4  
  196  11:54  Pylon  
  196  11:59  Probe  
  196  12:00  Assimilator  
  195  12:03  Pylon  
  195  12:04  Assimilator  
  195  12:05  Stalker x2  
  199  12:21  Stalker x3  
  199  12:24  Probe  
  199  12:26  Nexus  
  198  12:36  Zealot x4  
  200  12:45  Disruptor  
  200  12:51  Zealot x4  
  199  12:56  Dark Templar  
  199  12:57  Dark Templar  
  199  12:58  Dark Templar x2  
  172  13:13  Probe  
  172  13:14  Shadow Stride (Chrono Boost), Protoss Ground Weapons Level 3 (Chrono Boost)  
  172  13:17  Probe x2  
  175  13:20  Photon Cannon  
  175  13:23  Assimilator  
  175  13:26  Assimilator  
  171  13:27  Dark Templar x4  
  171  13:29  Dark Templar x2  
  183  13:34  Dark Templar x2  
  187  13:43  Probe x5  
  187  13:47  Photon Cannon  
  192  13:49  Photon Cannon  
  192  13:54  Photon Cannon  
  192  13:55  Probe x2  
  190  13:57  Photon Cannon  
  190  14:02  Dark Templar x5  
  196  14:08  Zealot x2  
  200  14:21  Probe  
  197  14:32  Dark Templar  
  199  14:40  Probe  
  199  14:41  Probe  
  197  14:47  Stalker  
  197  14:50  Protoss Ground Armor Level 3 (Chrono Boost)  
  197  14:52  Photon Cannon  
  199  14:54  Photon Cannon  
  199  14:55  Photon Cannon  
  199  14:58  Shield Battery  
  199  14:59  Pylon  
  197  15:07  Stalker  
  183  15:22  Dark Templar x4  
  183  15:23  Dark Templar x3  
  197  15:30  Disruptor  
  197  15:33  Dark Templar  
  200  15:42  Photon Cannon  
  200  15:43  Photon Cannon  
  200  16:13  Stalker x3  
  200  16:16  Stalker  
  194  16:33  Stalker x3  
  193  16:42  Stalker x3  
  195  16:56  Stalker x2  
  185  17:05  Dark Templar x6  
  190  17:22  Stalker x2  
  190  17:29  Photon Cannon  
  190  17:30  Nexus  
  190  17:32  Pylon  
  190  17:40  Stalker x5  
  200  17:52  Pylon  
  198  18:03  Disruptor x2  
  168  18:10  Stalker x8  
  147  18:33  Stalker x7  
  157  18:37  Disruptor (Chrono Boost)  
  142  18:42  Dark Templar  
  142  18:46  Disruptor (Chrono Boost), Probe  
  134  18:59  High Templar x2  
  134  19:00  Stalker x2, High Templar x2  
  140  19:05  Disruptor  
  140  19:07  Archon  
  139  19:14  Disruptor  
  142  19:18  Archon  
  142  19:30  Stalker x4  
  150  19:34  Stalker  
  152  19:42  Stalker x2  
  156  19:47  Nexus  
  154  19:53  Stalker  
  154  19:54  Stalker  
  157  20:05  Disruptor x2  
  150  20:15  Stalker x2  
Show
View Real Time Build Order
Export as new Build Order

milkicow Terran - Winner!

Build Orders:  

Get SALT Encoding   

  12  0:00  SCV  
  13  0:12  SCV  
  14  0:17  Supply Depot  
  14  0:24  SCV  
  15  0:38  SCV  
  15  0:40  Barracks  
  16  0:43  Refinery  
  16  0:50  SCV  
  16  0:53  Refinery  
  17  1:03  SCV  
  18  1:15  SCV  
  19  1:27  Reaper, Orbital Command  
  19  1:29  Supply Depot  
  20  1:42  Factory  
  20  1:54  SCV  
  20  2:00  Barracks Reactor  
  21  2:06  SCV  
  22  2:18  Command Center  
  22  2:20  SCV  
  23  2:25  Hellion  
  25  2:31  Starport  
  27  2:40  Supply Depot, SCV  
  27  2:42  Marine  
  27  2:45  Marine  
  27  2:50  Widow Mine  
  30  2:55  SCV  
  31  3:01  Marine  
  31  3:03  Marine  
  33  3:07  Medivac  
  33  3:08  SCV  
  33  3:11  Widow Mine  
  38  3:24  SCV  
  38  3:25  Marine  
  39  3:29  Marine  
  40  3:34  Factory Tech Lab  
  40  3:37  SCV  
  40  3:39  Viking  
  41  3:43  Marine  
  41  3:47  Marine  
  43  3:49  Orbital Command  
  43  3:50  SCV  
  43  3:54  Bunker  
  44  3:58  Cyclone  
  44  4:01  Marine  
  49  4:02  SCV  
  49  4:04  Marine  
  50  4:14  SCV  
  50  4:15  SCV  
  50  4:17  Supply Depot  
  52  4:19  Barracks, Marine  
  53  4:27  SCV  
  54  4:34  Supply Depot  
  54  4:38  SCV, Siege Tank  
  54  4:39  SCV  
  54  4:44  Marine x2  
  54  4:45  Starport Tech Lab  
  61  4:50  SCV  
  62  4:59  SCV  
  62  5:02  SCV, Marine  
  62  5:03  Marine  
  59  5:11  SCV  
  59  5:12  Siege Tank  
  63  5:15  Starport Reactor  
  63  5:19  Supply Depot  
  64  5:22  Refinery, Marine x3  
  64  5:23  SCV  
  64  5:25  SCV  
  64  5:27  Stimpack  
  64  5:28  Command Center  
  67  5:35  SCV  
  67  5:37  SCV  
  67  5:39  Marine  
  67  5:41  Marine x2  
  72  5:47  Supply Depot, SCV  
  72  5:49  SCV  
  74  5:56  Siege Tank  
  76  5:57  Marine  
  76  6:00  SCV  
  76  6:02  SCV, Marine x2  
  77  6:06  Barracks  
  77  6:07  Engineering Bay  
  77  6:08  Supply Depot  
  77  6:12  SCV, Starport Reactor  
  77  6:14  SCV  
  77  6:15  Marine  
  80  6:21  Barracks  
  80  6:22  Barracks, Marine  
  80  6:23  Marine  
  80  6:24  SCV  
  80  6:26  SCV  
  80  6:31  Siege Tank  
  83  6:33  Marine  
  83  6:35  Missile Turret  
  83  6:36  SCV  
  83  6:40  SCV, Marine x2  
  83  6:41  Orbital Command  
  83  6:44  Terran Infantry Weapons Level 1  
  86  6:51  Marine  
  86  6:54  Marine x2  
  87  6:58  Marine x2  
  87  7:00  Medivac  
  87  7:01  SCV  
  93  7:02  Refinery  
  93  7:03  SCV, Orbital Command  
  93  7:04  Siege Tank  
  98  7:08  Marine  
  98  7:11  Supply Depot, Marine  
  98  7:12  Marine  
  98  7:13  SCV  
  98  7:15  Supply Depot, Barracks Tech Lab x2  
  101  7:16  SCV, Marine  
  101  7:17  Marine x2  
  101  7:18  Combat Shield  
  101  7:20  Marine  
  103  7:25  SCV  
  103  7:26  Marine  
  103  7:28  SCV  
  103  7:29  SCV, Marine  
  108  7:30  Marine  
  108  7:33  Medivac, Marine  
  108  7:35  Supply Depot  
  112  7:37  SCV  
  112  7:39  Marine  
  112  7:40  SCV, Marine  
  112  7:42  SCV  
  117  7:48  Siege Tank  
  117  7:49  SCV  
  121  7:52  SCV  
  121  7:53  Marine x3  
  121  7:56  Supply Depot, Marine  
  121  7:57  Supply Depot, SCV  
  126  7:59  Supply Depot, Marine  
  126  8:00  Marine  
  127  8:07  Marauder  
  127  8:08  SCV  
  127  8:09  Medivac  
  127  8:11  Marine  
  133  8:16  Supply Depot x2, SCV  
  133  8:17  SCV, Medivac  
  136  8:24  SCV  
  137  8:28  SCV, Command Center  
  137  8:30  Ghost Academy  
  137  8:33  Marine  
  137  8:34  Marauder, Marine  
  127  8:38  Marine  
  114  8:43  SCV, Marine  
  114  8:45  Siege Tank  
  112  8:49  SCV x2  
  112  8:51  Barracks Tech Lab x2  
  112  8:55  Marauder  
  115  8:56  SCV  
  115  9:00  Marine x2  
  115  9:01  SCV x2, Medivac x2, Refinery  
  118  9:06  Refinery  
  118  9:08  SCV, Marine x2  
  121  9:10  Marine  
  121  9:11  Marauder  
  121  9:13  Terran Infantry Armor Level 1  
  121  9:16  Marauder  
  126  9:18  Marine x2  
  126  9:19  Bunker  
  126  9:20  Siege Tank  
  126  9:21  SCV  
  132  9:25  SCV  
  132  9:29  Marauder  
  135  9:32  SCV  
  135  9:34  SCV, Ghost  
  139  9:40  Marine  
  139  9:41  SCV, Marauder  
  142  9:46  SCV  
  142  9:49  SCV  
  144  9:54  Marine  
  144  9:55  SCV  
  144  9:57  Engineering Bay, Armory  
  144  9:59  Ghost  
  148  10:00  SCV, Siege Tank  
  148  10:03  SCV  
  148  10:05  Supply Depot  
  152  10:07  SCV  
  152  10:09  Marauder, Marine  
  152  10:12  SCV  
  153  10:18  SCV  
  153  10:19  SCV  
  155  10:22  Viking x2, Marauder, Marine  
  155  10:23  Marine  
  155  10:26  SCV  
  165  10:29  Missile Turret  
  165  10:31  Marauder, Marine  
  165  10:34  Planetary Fortress  
  166  10:37  Command Center  
  166  10:39  SCV  
  167  10:44  Marine  
  167  10:45  Marauder  
  167  10:46  Terran Infantry Weapons Level 2  
  171  10:50  Missile Turret  
  171  10:52  Terran Ship Weapons Level 1  
  171  10:53  Refinery x2, Marine  
  171  10:54  Marauder  
  171  10:56  Marine  
  176  10:57  Marauder  
  176  10:58  SCV, Missile Turret  
  176  11:00  Siege Tank  
  179  11:07  Sensor Tower  
  179  11:11  Sensor Tower  
  179  11:12  Marauder, Marine  
  179  11:13  Viking  
  179  11:17  Viking  
  186  11:21  Marauder  
  186  11:23  Marine  
  186  11:24  Marauder  
  191  11:30  Marine  
  192  11:33  Siege Tank  
  192  11:34  SCV  
  192  11:37  Supply Depot x2  
  192  11:39  Starport  
  196  11:49  Marauder  
  196  11:53  Command Center x2  
  200  12:03  Terran Infantry Armor Level 2  
  198  12:10  Fusion Core  
  198  12:19  Concussive Shells, Starport Reactor  
  197  12:28  Refinery  
  197  12:29  Refinery  
  196  12:36  Marauder, Marine x2  
  200  12:37  Marauder  
  200  12:45  Planetary Fortress  
  200  12:49  Siege Tank  
  200  12:57  Marauder, Marine  
  193  12:58  SCV  
  193  12:59  Liberator  
  193  13:00  Liberator  
  193  13:02  Marauder, Marine  
  186  13:06  Marauder, Marine  
  186  13:08  SCV  
  184  13:14  Orbital Command  
  184  13:20  Marauder, Marine  
  184  13:21  Siege Tank  
  187  13:28  Command Center, Marine  
  187  13:29  Marauder  
  187  13:31  Advanced Ballistics  
  187  13:32  Orbital Command  
  190  13:35  Refinery  
  188  13:48  Liberator, SCV  
  188  13:49  Liberator  
  188  13:55  Terran Ship Weapons Level 2  
  194  13:56  Terran Infantry Weapons Level 3  
  194  13:58  Planetary Fortress  
  194  14:00  Command Center  
  194  14:01  Command Center  
  193  14:18  Siege Tank  
  193  14:22  Terran Infantry Armor Level 3  
  190  14:27  SCV  
  191  14:32  Command Center  
  191  14:34  Sensor Tower  
  191  14:35  Missile Turret  
  185  14:42  Missile Turret  
  185  14:45  Orbital Command  
  185  14:46  Command Center  
  185  14:49  Liberator x3  
  185  14:52  Liberator  
  197  14:53  Barracks  
  197  14:54  Barracks  
  197  14:55  Barracks  
  197  15:05  Marine  
  197  15:06  Marauder  
  188  15:15  SCV, Orbital Command  
  184  15:21  Orbital Command  
  184  15:23  SCV, Marine  
  184  15:24  Marauder  
  187  15:29  Missile Turret  
  187  15:32  Liberator x2  
  187  15:33  Sensor Tower  
  187  15:34  SCV  
  193  15:37  Refinery  
  193  15:40  Refinery  
  193  15:42  Sensor Tower  
  193  15:46  Orbital Command  
  193  15:49  Missile Turret  
  190  15:51  Liberator x2  
  189  16:15  Orbital Command  
  189  16:16  Marine  
  189  16:18  Marauder, Marine x2  
  184  16:21  SCV  
  184  16:24  Marine  
  176  16:33  Neosteel Armor  
  175  16:43  Missile Turret  
  174  16:47  Marine x3  
  174  16:48  Liberator x3  
  174  16:49  Marauder x2, Marine x2  
  174  16:50  Barracks Tech Lab x3  
  174  16:54  Planetary Fortress  
  181  16:59  Hi-Sec Auto Tracking  
  167  17:01  Barracks Tech Lab  
  167  17:02  Command Center  
  167  17:04  SCV  
  167  17:05  Marine x3  
  167  17:06  Marine  
  167  17:07  Marauder  
  174  17:09  Marauder, Marine  
  174  17:10  Marauder  
  174  17:11  Marauder  
  174  17:12  Missile Turret  
  179  17:21  Marauder  
  178  17:23  Marine x2  
  178  17:27  Marauder  
  178  17:29  Liberator, Marauder, Marine x2  
  189  17:34  Orbital Command  
  189  17:36  Marauder, Marine  
  187  17:49  SCV, Missile Turret  
  187  17:50  Unknown  
  170  18:03  Marine x2  
  170  18:04  Marauder x3, Marine  
  146  18:07  Marine, Orbital Command, Marauder  
  146  18:08  Marine  
  146  18:09  SCV, Marauder  
  149  18:17  SCV  
  149  18:18  SCV x3  
  149  18:19  SCV  
  149  18:21  Marine x2  
  149  18:23  Missile Turret  
  149  18:24  Marine  
  149  18:25  Marauder x3  
  146  18:36  Marine  
  146  18:37  Marauder x2, Marine  
  142  18:41  Marine  
  142  18:42  Marine  
  142  18:43  SCV, Marine  
  142  18:46  Marauder, Marine x2  
  142  18:47  SCV x2  
  145  18:54  Marine  
  139  19:06  Marauder, Marine  
  133  19:10  Marine  
  133  19:11  Marauder  
  133  19:15  Marauder, Marine x3  
  133  19:16  Marauder x2  
  139  19:18  Ghost Academy, Liberator  
  139  19:21  Liberator  
  139  19:24  Marine  
  146  19:28  Marauder, Marine  
  149  19:33  SCV, Sensor Tower, Marauder, Marine  
  149  19:37  SCV  
  154  19:39  SCV, Orbital Command  
  155  19:45  Marine  
  155  19:46  SCV, Orbital Command  
  155  19:52  Ghost x3  
  157  19:58  Ghost  
  164  20:04  SCV  
  164  20:06  Ghost  
  144  20:16  Marine  
  144  20:17  SCV  
  144  20:18  SCV  
  144  20:19  Marine  
  146  20:26  SCV  
Tags
 
Add a new tag
Caveats
  • Supply blocks, unpowered buildings, or Contaminate may cause inaccurate times.
  • Supply counts are checked every 10 seconds.